 Dungeon Crawl Stone Soup version 0.29-a0-40-g8eb35efe60 (webtiles) character file.

Game seed: 15757201781883309330

16 kae the Ruffian (level 2, -2/23 HPs)
             Began as a Draconian Transmuter on Feb 1, 2022.
             Slain by a hobgoblin (3 damage)
             ... on level 1 of the Dungeon.
             The game lasted 00:00:25 (791 turns).

kae the Ruffian (Draconian Transmuter)               Turns: 791, Time: 00:00:26

Health: -2/23      AC:  4    Str: 12    XL:     2   Next: 37%
Magic:  5/5        EV: 12    Int: 13    God:
Gold:   40         SH:  0    Dex: 11    Spells: 4/5 levels left

rFire   . . .      SeeInvis .   c - +0 falchion
rCold   . . .      Faith    .   (no shield)
rNeg    . . .      Spirit   .   (armour unavailable)
rPois   .          Reflect  .   (helmet restricted)
rElec   .          Harm     .   (no cloak)
rCorr   .          Rampage  .   (no gloves)
Will    .....                   (no boots)
Stlth   +.........              (no amulet)
HPRegen 0.07/turn               (no ring)
MPRegen 0.09/turn               (no ring)

@: no status effects
A: AC +4, unfitting armour, cold-blooded
a: no special abilities


You were on level 1 of the Dungeon.
You visited 1 branch of the dungeon, and saw 1 of its levels.

You collected 40 gold pieces.

Inventory:

Hand Weapons
 c - a +0 falchion (weapon)
Scrolls
 b - 2 scrolls of holy word {unknown}
Potions
 a - a potion of haste {unknown}


   Skills:
 + Level 1.4 Fighting
 + Level 1.9 Dodging
 * Level 3.3 Unarmed Combat
 + Level 2.1 Spellcasting
 * Level 2.3 Transmutations


You had 4 spell levels left.
You knew the following spells:

 Your Spells              Type           Power      Damage    Failure   Level
a - Beastly Appendage     Tmut           14%        N/A       10%         1

Your spell library contained the following spells:

 Spells                   Type           Power      Damage    Failure   Level
 Wereblood                Tmut           7%         N/A       14%         2
 Static Discharge         Conj/Air       1%         N/A       36%         2
 Spider Form              Tmut/Pois      4%         N/A       43%         3
 Ice Form                 Ice/Tmut       4%         N/A       83%         4
 Dispel Undead            Necr           1%         3d6       94%         4
 Sticky Flame             Conj/Fire      1%         2d3       94%         4


Dungeon Overview and Level Annotations

Branches:
Dungeon (1/15)

Altars:


Innate Abilities, Weirdness & Mutations

Your plain brown scales are hard. (AC +4)
You cannot fit into any form of body armour.
You are cold-blooded and may be slowed by cold attacks.


Message History

The bat hits you. The bat hits you but does no damage.
Casting: Beastly Appendage (safe; 10% risk of failure)
Confirm with . or Enter, or press ? or * to list all spells.
You grow a pair of large bovine horns.
Your feet morph into talons.
The bat hits you but does no damage. x2
Your transformation is almost over.
The bat hits you. The bat closely misses you.
You barely miss the bat. The bat closely misses you.
The bat barely misses you. x2
You closely miss the bat. The bat hits you but does no damage.
The bat barely misses you. x2
You hit the bat.
You kill the bat!
You completely miss the hobgoblin. Your headbutt misses the hobgoblin.
You tail-slap the hobgoblin, but do no damage.
The hobgoblin misses you. The hobgoblin hits you.
* * * LOW HITPOINT WARNING * * *
You hit the hobgoblin. Your kick misses the hobgoblin.
You tail-slap the hobgoblin.
You kill the hobgoblin!
The hobgoblin completely misses you.
You hit the hobgoblin.
You kill the hobgoblin!
You hit the hobgoblin but do no damage.
Your horns disappear.
Your talons disappear.
The hobgoblin closely misses you. The hobgoblin misses you.
You barely miss the hobgoblin. The hobgoblin barely misses you.
You hit the hobgoblin but do no damage. The hobgoblin hits you.
* * * LOW HITPOINT WARNING * * *
You closely miss the hobgoblin. The hobgoblin misses you.
The hobgoblin hits you.
* * * LOW HITPOINT WARNING * * *
You closely miss the hobgoblin. The hobgoblin hits you.
* * * LOW HITPOINT WARNING * * *
You closely miss the hobgoblin.
The hobgoblin hits you but does no damage.
You hit the hobgoblin.
The hobgoblin is heavily wounded.
The hobgoblin hits you.
You die...

#.##.##. ..# #.##.##. #.#
#.##.... ##+# #.# #.##.##.
##...# #.# #....... #.....#
####.# ####.### .......##
##.##.# #.##.
........####...#.#######.#..
........'.g@................
........####...#.#######.###
.......## ##.##.# #.# #
#.....# ####.# #.### ##...#
#.# ##... ##+# ..# ##.# .##
#.# . #.# #. #.#


You could see a hobgoblin.

Vanquished Creatures
  2 endoplasms (D:1)
  3 hobgoblins (D:1)
  A ball python (D:1)
  5 bats (D:1)
  A frilled lizard (D:1)
  2 kobolds (D:1)
14 creatures vanquished.

Notes
Turn   | Place    | Note
-------+----------+-------------------------------------------
     0 | D:1      | kae the Draconian Transmuter began the quest for the Orb.
     0 | D:1      | Reached XP level 1. HP: 16/16 MP: 3/3
   395 | D:1      | Found a faded altar of an unknown god.
   544 | D:1      | Reached XP level 2. HP: 23/23 MP: 3/5
   789 | D:1      | HP: 1/23 [hobgoblin (3)]
   791 | D:1      | Slain by a hobgoblin

Illustrated notes

Levels and vault maps discovered:
D:1:      dpeg_arrival_round_b, layout_loops_corners, basic_ecumenical_altar

Action                   || total
-------------------------++-------
Melee: Falchion          ||    38
       Unarmed           ||     8
       Tailslap          ||     5
       Kick              ||     1
 Cast: Beastly Appendage ||    10
 Stab: Sleeping          ||     1
Armor: Skin              ||    20
Dodge: Dodged            ||    49

Table legend: (Time is in decaauts)
 A = Elapsed time spent in this place.
 B = Non-inter-level travel time spent in this place.
 C = Inter-level travel time spent in this place.
 D = Time resting spent in this place.
 E = Time spent auto-exploring this place.
 F = Levels seen in this place.
 G = Mean time per level.
                   A        B        C        D        E       F      G
               +--------+--------+--------+--------+--------+-----+--------+
         Total |    803 |    803 |      0 |      0 |    672 |   1 |  803.0 |
       Dungeon |    803 |    803 |      0 |      0 |    672 |   1 |  803.0 |
               +--------+--------+--------+--------+--------+-----+--------+

Top non-repeatable levels by time:
     D:1: 803 daAuts
